NYP
MAHONING VALLEY SCRAPPERS @ LOS ANGELES (NYP) ANGELS
07/16/2044
 
TOP OF THE 1ST
Mahoning Valley Scrappers batting - Pitching for Los Angeles (NYP) Angels : RHP Nick Madrid
Pitching: RHP Nick Madrid
Batting: LHB John Harring 0-0: Called Strike
0-1: Ball
1-1: Ball
2-1: Ground out 6-3 (Groundball, 6, EV 81.9 MPH)
Batting: RHB Ricky Cordova 0-0: Foul Ball, location: 2F
0-1: Swinging Strike
0-2: Ball
1-2: Ball
2-2: Strikes out looking
Batting: RHB Ryan Gautney 0-0: Swinging Strike
0-1: Ball
1-1: Ground out 6-3 (Groundball, 6, EV 85.0 MPH)
Top of the 1st over - 0 runs, 0 hits, 0 errors, 0 left on base; Mahoning Valley 0 - Los Angeles (NYP) 0
BOTTOM OF THE 1ST
Los Angeles (NYP) Angels batting - Pitching for Mahoning Valley Scrappers : RHP Joe Zeiset
Pitching: RHP Joe Zeiset
Batting: RHB Randy Grewe 0-0: Called Strike
0-1: Ball
1-1: Called Strike
1-2: Ball
2-2: Strikes out looking
Batting: RHB Steve Hasson 0-0: Fly out, F3 (Popup, 34, EV 60.6 MPH)
Batting: RHB Jon Griffin 0-0: Ball
1-0: Ball
2-0: Called Strike
2-1: Swinging Strike
2-2: Ball
3-2: Strikes out looking
Bottom of the 1st over - 0 runs, 0 hits, 0 errors, 0 left on base; Mahoning Valley 0 - Los Angeles (NYP) 0
TOP OF THE 2ND
Mahoning Valley Scrappers batting - Pitching for Los Angeles (NYP) Angels : RHP Nick Madrid
Batting: LHB Devon Grant 0-0: Ball
1-0: Ground out 5-3 (Groundball, 56, EV 90.0 MPH)
Batting: RHB Willie Gonzales 0-0: Swinging Strike
0-1: Ball
1-1: Called Strike
1-2: Foul Ball, location: 2F
1-2: Ball
2-2: Ball
3-2: Strikes out looking
Batting: RHB Andy Lewis 0-0: Ball
1-0: Ground out 5-3 (Groundball, 56S, EV 88.8 MPH)
Top of the 2nd over - 0 runs, 0 hits, 0 errors, 0 left on base; Mahoning Valley 0 - Los Angeles (NYP) 0
BOTTOM OF THE 2ND
Los Angeles (NYP) Angels batting - Pitching for Mahoning Valley Scrappers : RHP Joe Zeiset
Batting: RHB Jeff Long 0-0: Fly out, F6 (Popup, 56D, EV 55.6 MPH)
Batting: RHB John Beddow 0-0: Ground out 5-3 (Groundball, 56D, EV 81.3 MPH)
Batting: RHB Tsega Haida 0-0: Ground out 6-3 (Groundball, 6S, EV 76.3 MPH)
Bottom of the 2nd over - 0 runs, 0 hits, 0 errors, 0 left on base; Mahoning Valley 0 - Los Angeles (NYP) 0
TOP OF THE 3RD
Mahoning Valley Scrappers batting - Pitching for Los Angeles (NYP) Angels : RHP Nick Madrid
Batting: RHB Gashie Chimsima 0-0: Foul Ball, location: 2F
0-1: Called Strike
0-2: Strikes out swinging
Batting: RHB Tetsuhiro Taki 0-0: Ball
1-0: Ball
2-0: Ball
3-0: Swinging Strike
3-1: Foul Ball, location: 2F
3-2: Foul Ball, location: 2F
3-2: Strikes out swinging
Batting: LHB Tom Bemis 0-0: Ball
1-0: Ball
2-0: Foul Ball, location: 2F
2-1: Called Strike
2-2: Strikes out looking
Top of the 3rd over - 0 runs, 0 hits, 0 errors, 0 left on base; Mahoning Valley 0 - Los Angeles (NYP) 0
BOTTOM OF THE 3RD
Los Angeles (NYP) Angels batting - Pitching for Mahoning Valley Scrappers : RHP Joe Zeiset
Batting: RHB Jason Habeck 0-0: Hit by Pitch
Batting: RHB David Kunze 0-0: Called Strike
0-1: Fielders Choice at 2nd, 4-6 (Groundball, 4, EV 83.8 MPH)
Batting: RHB Zach Robbins 0-0: Ball
1-0: Foul Ball, location: 2F
1-1: Ball
2-1: Swinging Strike
2-2: Strikes out swinging
Batting: RHB Randy Grewe 0-0: Foul Ball, location: 2F
0-1: Called Strike
0-2: Fielders Choice at 2nd, 6-4 (Groundball, 6, EV 87.5 MPH)
Bottom of the 3rd over - 0 runs, 0 hits, 0 errors, 1 left on base; Mahoning Valley 0 - Los Angeles (NYP) 0
TOP OF THE 4TH
Mahoning Valley Scrappers batting - Pitching for Los Angeles (NYP) Angels : RHP Nick Madrid
Batting: LHB John Harring 0-0: Ground out 1-3 (Groundball, 13S, EV 70.0 MPH)
Batting: RHB Ricky Cordova 0-0: Swinging Strike
0-1: Fly out, F2 (Popup, 15S, EV 86.3 MPH)
Batting: RHB Ryan Gautney 0-0: Ball
1-0: Ground out 6-3 (Groundball, 6, EV 86.9 MPH)
Top of the 4th over - 0 runs, 0 hits, 0 errors, 0 left on base; Mahoning Valley 0 - Los Angeles (NYP) 0
BOTTOM OF THE 4TH
Los Angeles (NYP) Angels batting - Pitching for Mahoning Valley Scrappers : RHP Joe Zeiset
Batting: RHB Steve Hasson 0-0: Swinging Strike
0-1: Ground out 6-3 (Groundball, 6, EV 88.1 MPH)
Batting: RHB Jon Griffin 0-0: Called Strike
0-1: Ball
1-1: Swinging Strike
1-2: Foul Ball, location: 2F
1-2: Ball
2-2: Strikes out looking
Batting: RHB Jeff Long 0-0: Called Strike
0-1: Swinging Strike
0-2: Hit by Pitch
Batting: RHB John Beddow 0-0: Ball
1-0: Ball
2-0: Called Strike
Jeff Long is caught stealing 2nd base 2-4
Bottom of the 4th over - 0 runs, 0 hits, 0 errors, 0 left on base; Mahoning Valley 0 - Los Angeles (NYP) 0
TOP OF THE 5TH
Mahoning Valley Scrappers batting - Pitching for Los Angeles (NYP) Angels : RHP Nick Madrid
Batting: LHB Devon Grant 0-0: Ball
1-0: Swinging Strike
1-1: Ball
2-1: Ball
3-1: Foul Ball, location: 2F
3-2: Foul Ball, location: 2F
3-2: Strikes out looking
Batting: RHB Willie Gonzales 0-0: Ball
1-0: Foul Ball, location: 2F
1-1: Called Strike
1-2: Ball
2-2: Ball
3-2: Ground out 6-3 (Groundball, 6S, EV 89.4 MPH)
Batting: RHB Andy Lewis 0-0: Ground out 6-3 (Groundball, 6, EV 101.3 MPH)
Top of the 5th over - 0 runs, 0 hits, 0 errors, 0 left on base; Mahoning Valley 0 - Los Angeles (NYP) 0
BOTTOM OF THE 5TH
Los Angeles (NYP) Angels batting - Pitching for Mahoning Valley Scrappers : RHP Joe Zeiset
Batting: RHB John Beddow 0-0: Ball
1-0: Foul Ball, location: 2F
1-1: Swinging Strike
1-2: Ball
2-2: Foul Ball, location: 2F
2-2: Ball
3-2: Foul Ball, location: 2F
3-2: Strikes out swinging
Batting: RHB Tsega Haida 0-0: Called Strike
0-1: Swinging Strike
0-2: Foul Ball, location: 2F
0-2: Strikes out swinging
Batting: RHB Jason Habeck 0-0: Ball
1-0: Foul Ball, location: 2F
1-1: Swinging Strike
1-2: Ball
2-2: SINGLE (Line Drive, 56D, EV 96.3 MPH)
Batting: RHB David Kunze 0-0: Ball
1-0: Ball
2-0: Foul Ball, location: 2F
2-1: Fielders Choice at 2nd, 6-4 (Groundball, 6, EV 89.4 MPH)
Bottom of the 5th over - 0 runs, 1 hit, 0 errors, 1 left on base; Mahoning Valley 0 - Los Angeles (NYP) 0
TOP OF THE 6TH
Mahoning Valley Scrappers batting - Pitching for Los Angeles (NYP) Angels : RHP Nick Madrid
Batting: RHB Gashie Chimsima 0-0: Called Strike
0-1: Ball
1-1: Called Strike
1-2: Ball
2-2: Strikes out swinging
Batting: RHB Tetsuhiro Taki 0-0: Swinging Strike
0-1: Ground out 5-3 (Groundball, 56, EV 83.8 MPH)
Batting: LHB Tom Bemis 0-0: Ball
1-0: Foul Ball, location: 2F
1-1: Swinging Strike
1-2: Strikes out swinging
Top of the 6th over - 0 runs, 0 hits, 0 errors, 0 left on base; Mahoning Valley 0 - Los Angeles (NYP) 0
BOTTOM OF THE 6TH
Los Angeles (NYP) Angels batting - Pitching for Mahoning Valley Scrappers : RHP Joe Zeiset
Batting: RHB Zach Robbins 0-0: Called Strike
0-1: Ball
1-1: Foul Ball, location: 2F
1-2: Foul Ball, location: 2F
1-2: Ball
2-2: Ground out 4-3 (Groundball, 4, EV 94.4 MPH)
Batting: RHB Randy Grewe 0-0: Ball
1-0: Swinging Strike
1-1: Foul Ball, location: 2F
1-2: Strikes out swinging
Batting: RHB Steve Hasson 0-0: Ball
1-0: Foul Ball, location: 2F
1-1: Foul Ball, location: 2F
1-2: Ball
2-2: SINGLE (Groundball, 6M, EV 100.6 MPH) (infield hit)
Pitching: LHP J.J. Adkins
Batting: RHB Jon Griffin 0-0: Ball
1-0: Ball
2-0: Fielders Choice at 2nd, 6-4 (Groundball, 6, EV 78.8 MPH)
Bottom of the 6th over - 0 runs, 1 hit, 0 errors, 1 left on base; Mahoning Valley 0 - Los Angeles (NYP) 0
TOP OF THE 7TH
Mahoning Valley Scrappers batting - Pitching for Los Angeles (NYP) Angels : RHP Nick Madrid
Batting: LHB John Harring 0-0: Called Strike
0-1: Ball
1-1: SINGLE (Groundball, 3D, EV 110.0 MPH)
Batting: RHB Ricky Cordova 0-0: Called Strike
0-1: Ball
1-1: Ball
2-1: Ball
3-1: DOUBLE (Groundball, 5L, EV 104.4 MPH)
John Harring to third
Batting: RHB Ryan Gautney 0-0: Ball
1-0: Called Strike
1-1: Ground out 5-3 (Groundball, 56, EV 93.1 MPH)
Batting: LHB Devon Grant 0-0: Intentional Walk
Batting: RHB Willie Gonzales 0-0: Ball
1-0: Ball
2-0: Ball
3-0: Called Strike
3-1: Swinging Strike
3-2: Base on Balls
John Harring scores
Ricky Cordova to third
Devon Grant to second
Pitching: RHP Joe Schuler
Batting: RHB Andy Lewis 0-0: Fly out, F9 (Flyball, 9, EV 86.9 MPH)
Runner from 3rd tags up, OUT at HOME! 9-2
Top of the 7th over - 1 run, 2 hits, 0 errors, 2 left on base; Mahoning Valley 1 - Los Angeles (NYP) 0
BOTTOM OF THE 7TH
Los Angeles (NYP) Angels batting - Pitching for Mahoning Valley Scrappers : LHP J.J. Adkins
Batting: RHB Jeff Long 0-0: Ball
1-0: Ball
2-0: TRIPLE (Flyball, 7D, EV 88.1 MPH)
Batting: RHB John Beddow 0-0: SINGLE (Line Drive, 9LS, EV 109.4 MPH)
Jeff Long scores
Batting: RHB Tsega Haida 0-0: Ball
1-0: Bunted foul
1-1: Bunted foul
1-2: Fielders Choice at 2nd, 6-4 (Groundball, 6, EV 100.0 MPH)
Batting: RHB Jason Habeck 0-0: Called Strike
0-1: Ball
1-1: Foul Ball, location: 2F
1-2: 2-RUN HOME RUN (Flyball, 78XD, EV 101.3 MPH), Distance : 438 ft
Pitching: RHP Mario del Rio
Batting: RHB David Kunze 0-0: Called Strike
0-1: Called Strike
0-2: Ball
1-2: Ball
2-2: Foul Ball, location: 2F
2-2: Ball
3-2: Ground out 4-3 (Groundball, 4, EV 83.1 MPH)
Batting: RHB Zach Robbins 0-0: Ball
1-0: Ground out 3-1 (Groundball, 34, EV 88.8 MPH)
Bottom of the 7th over - 3 runs, 3 hits, 0 errors, 0 left on base; Mahoning Valley 1 - Los Angeles (NYP) 3
TOP OF THE 8TH
Mahoning Valley Scrappers batting - Pitching for Los Angeles (NYP) Angels : RHP Joe Schuler
Batting: RHB Gashie Chimsima 0-0: Ball
1-0: Called Strike
1-1: Swinging Strike
1-2: Strikes out swinging
Batting: RHB Tetsuhiro Taki 0-0: Swinging Strike
0-1: Called Strike
0-2: Ball
1-2: Foul Ball, location: 2F
1-2: Foul Ball, location: 2F
1-2: Ball
2-2: Ball
3-2: Foul Ball, location: 2F
3-2: Strikes out swinging
Batting: LHB Tom Bemis 0-0: Called Strike
0-1: Ball
1-1: Ball
2-1: Ball
3-1: Foul Ball, location: 2F
3-2: Ground out 1-3 (Groundball, 13S, EV 67.5 MPH)
Top of the 8th over - 0 runs, 0 hits, 0 errors, 0 left on base; Mahoning Valley 1 - Los Angeles (NYP) 3
BOTTOM OF THE 8TH
Los Angeles (NYP) Angels batting - Pitching for Mahoning Valley Scrappers : RHP Mario del Rio
Batting: RHB Randy Grewe 0-0: Foul Ball, location: 2F
0-1: Ball
1-1: Ball
2-1: SINGLE (Line Drive, 7S, EV 101.9 MPH)
Batting: RHB Steve Hasson 0-0: Ball
Randy Grewe steals 2nd base
Balk!
Randy Grewe to third
1-0: Called Strike
1-1: Called Strike
1-2: SINGLE (Groundball, 56, EV 102.5 MPH) (infield hit)
Randy Grewe scores
Batting: RHB Jon Griffin 0-0: Ball
1-0: Ball
2-0: Ball
3-0: Base on Balls
Steve Hasson to second
Batting: RHB Jeff Long 0-0: Called Strike
0-1: Fielders Choice at 2nd, 6-4 (Groundball, 6, EV 80.0 MPH)
Steve Hasson to third
Batting: RHB John Beddow 0-0: Ball
Jeff Long steals 2nd base (no throw)
1-0: Ball
2-0: Called Strike
2-1: Ground out 4-3 (Groundball, 4, EV 83.8 MPH)
Batting: RHB Tsega Haida 0-0: Swinging Strike
0-1: Ball
1-1: SINGLE (Popup, 5D, EV 67.5 MPH)
Steve Hasson scores
Jeff Long to third
Runner from 3rd tries for Home, SAFE, throw by 3B to home
Batting: RHB Jason Habeck 0-0: Ball
1-0: Called Strike
1-1: Ball
2-1: Called Strike
Tsega Haida steals 2nd base
2-2: Foul Ball, location: 2F
2-2: Ball
3-2: Fly out, F9 (Flyball, 89D, EV 86.9 MPH)
Bottom of the 8th over - 3 runs, 3 hits, 0 errors, 1 left on base; Mahoning Valley 1 - Los Angeles (NYP) 6
TOP OF THE 9TH
Mahoning Valley Scrappers batting - Pitching for Los Angeles (NYP) Angels : RHP Joe Schuler
Batting: LHB John Harring 0-0: Ball
1-0: Ball
2-0: SINGLE (Flyball, 3D, EV 88.8 MPH)
Batting: RHB Ricky Cordova 0-0: Called Strike
0-1: Called Strike
0-2: Ball
1-2: Strikes out swinging
Pitching: RHP Pete Warren
Batting: RHB Ryan Gautney 0-0: Ball
1-0: Ball
2-0: Ball
3-0: Called Strike
3-1: Foul Ball, location: 2F
3-2: Grounds into double play, 6-4-3 (Groundball, 6, EV 105.0 MPH)
Top of the 9th over - 0 runs, 1 hit, 0 errors, 0 left on base; Mahoning Valley 1 - Los Angeles (NYP) 6
Thursday, March 31st , 2022 - OOTP Baseball 22.12 Build 89